 Dungeon Crawl Stone Soup version 0.29.1-1-gd02db6906a (console) character file.

Game seed: 17515624614043984762

1176 erker the Digger (level 8, -12/46 HPs)
             Began as an Octopode Earth Elementalist on Oct 8, 2022.
             Mangled by a shadow (34 damage)
             ... on level 6 of the Dungeon.
             The game lasted 00:31:10 (7746 turns).

erker the Digger (Octopode Earth Elementalist)      Turns: 7746, Time: 00:31:10

Health: -12/46     AC:  1    Str:  7    XL:     8   Next: 41%
Magic:  13/14      EV: 13    Int: 19    God:
Gold:   219        SH:  0    Dex: 13    Spells: 5/15 levels left

rFire   . . .      SeeInvis .   d - +0 dagger
rCold   . . .      Faith    .   (no shield)
rNeg    + . .      Spirit   .   (helmet restricted)
rPois   .          Reflect  .   l - amulet of magic regeneration
rElec   .          Harm     .   c - ring of positive energy
rCorr   .          Rampage  .   y - ring of flight
Will    .....                   (no ring)
Stlth   +++.......              (no ring)
HPRegen 0.15/turn               (no ring)
MPRegen 0.54/turn               (no ring)
                                (no ring)
                                (no ring)

@: flying
A: almost no armour, amphibious, 8 rings, camouflage 1, gelatinous body 1,
(nimble swimmer 1), tentacles
a: no special abilities


You were on level 6 of the Dungeon.
You visited 1 branch of the dungeon, and saw 6 of its levels.

You collected 219 gold pieces.

Inventory:

Hand Weapons
 d - a +0 dagger (weapon)
 B - a +0 spear
Magical Staves
 v - a staff of poison
Jewellery
 c - a ring of positive energy (left tentacle)
 l - an amulet of magic regeneration (around mantle)
 q - an amulet of faith
 y - a ring of flight (right tentacle)
 A - an amulet of reflection
Wands
 C - a wand of flame (27)
Scrolls
 b - 6 scrolls of identify {unknown}
 e - a scroll of enchant armour {unknown}
 j - 6 scrolls of teleportation {unknown}
 n - a scroll of silence {unknown}
 o - a scroll of fog {unknown}
 r - 2 scrolls of poison {unknown}
 s - a scroll of amnesia {unknown}
 t - a scroll of immolation {unknown}
 u - a scroll of summoning {unknown}
 x - a scroll of noise {unknown}
 z - a scroll of vulnerability {unknown}
Potions
 a - 2 potions of magic
 f - 3 potions of attraction {unknown}
 g - 2 potions of cancellation {unknown}
 h - 3 potions of curing {unknown}
 i - 2 potions of heal wounds {unknown}
 k - 2 potions of invisibility {unknown}
 m - a potion of berserk rage {unknown}
 p - 2 potions of haste {unknown}
 w - 2 potions of brilliance


   Skills:
 - Level 2.0 Dodging
 - Level 4.0 Stealth
 - Level 4.0 Spellcasting
 + Level 6.0 Transmutations
 + Level 6.6 Earth Magic
 - Level 2.0 Poison Magic


You had 5 spell levels left.
You knew the following spells:

 Your Spells              Type           Power      Damage    Failure   Level
a - Sandblast             Erth           58%        2d13      1%          1
p - Petrify               Tmut/Erth      28%        N/A       10%         4
s - Spider Form           Tmut/Pois      19%        N/A       8%          3
w - Passwall              Tmut/Erth      23%        N/A       1%          2

Your spell library contained the following spells:

 Spells                   Type           Power      Damage    Failure   Level
 Stone Arrow              Conj/Erth      32%        3d9       11%         3
 Shock                    Conj/Air       12%        1d3       14%         1
 Ensorcelled Hibernation  Hex/Ice        6%         N/A       21%         2
 Swiftness                Air            3%         N/A       38%         3
 Irradiate                Conj/Tmut      7%         3d14      73%         5
 Airstrike                Air            1%         2d(1-17)  80%         4
 Anguish                  Hex/Necr       1%         N/A       80%         4
 Summon Forest            Summ/Tloc      1%         N/A       98%         5
 Eringya's Noxious Bog    Tmut/Pois      9%         N/A       99%         6


Dungeon Overview and Level Annotations

Branches:
Dungeon (6/15)
 Temple: D:4-7

Altars:
Cheibriados
Dithmenos
Elyvilon
Okawaru
Xom
Zin

Annotations:
D:2 1 runed translucent door, Crazy Yiuf


Innate Abilities, Weirdness & Mutations

You cannot wear most types of armour.
You are amphibious.
You can wear up to eight rings at the same time.
Your skin changes colour to match your surroundings (Stealth+).
Your rubbery body absorbs attacks. (AC +1, EV +1)
((You are camouflaged when in or above water. (Stealth+)))
You have tentacles for arms and can constrict up to eight enemies at once.


Message History

The sky beast is moving more slowly.
The sky beast hits you. The sky beast shocks you.
The sky beast stops moving altogether!
The helpless sky beast fails to defend itself.
You puncture the sky beast! You squeeze the sky beast.
The sky beast is heavily wounded.
The helpless sky beast fails to defend itself.
You puncture the sky beast!
The sky beast is severely wounded.
The helpless sky beast fails to defend itself.
You puncture the sky beast!
You kill the sky beast!
Your Transmutations skill increases to level 6!
You see here a sky beast corpse.
The shadow slips into darkness.
The shadow flickers and vanishes!
Deactivating autopickup; reactivate with Ctrl-A.
The shadow strikes at you from the darkness!
Reactivating autopickup.
The shadow attacks as you move away! The shadow hits you.
The shadow attacks as you move away! The shadow hits you.
The shadow attacks as you move away! The shadow closely misses you.
Casting: Petrify (quite dangerous; 10% risk of failure)
Confirm with . or Enter, or press ? or * to list all spells.
You can't see any susceptible monsters within range! (Use Z to cast anyway.) Unknown command.
Unknown command.
Unknown command.
Casting: Petrify (quite dangerous; 10% risk of failure)
Confirm with . or Enter, or press ? or * to list all spells.
Aiming: Sandblast (safe; 1% risk of failure)
Press: ? - help, Shift-Dir - straight line, f - shadow
Aim: a shadow (83% to hit)
The blast of sand hits the shadow but does no damage.
The shadow slips into darkness.
The shadow flickers and vanishes!
Deactivating autopickup; reactivate with Ctrl-A.
The shadow strikes at you from the darkness!
Ouch! That really hurt!
You die...

(......#
##.....### #...#
#... ......##
###..## #...#
#... ......#
##.# ##..# #...
.....## #.##
#..# ### ....##
#..# ....# ##.#
...## #.## .###
##.# ## #@# #
#{## ##########
##.#
#........####.##
#.........##..#
#...........#.#
#.............##
#.............#
#.............##
#


There were no monsters in sight!

Vanquished Creatures
  An ice beast (D:5)
  A sky beast (D:6)
  A phantom (D:5)
  A bullfrog (D:6)
  A necrophage (D:4)
  2 scorpions
  3 jellies
  An orc priest (D:3)
  3 hounds (D:5)
  4 iguanas
  Jessica (D:2)
  Natasha (D:2)
  2 orc wizards
  Robin (D:3)
  5 gnolls
  5 adders
  A white imp (D:5)
  2 ufetubi (D:5)
  A worm (D:4)
  A dart slug (D:2)
  16 orcs
  9 endoplasms
  5 giant cockroaches
  19 goblins
  13 hobgoblins
  4 jackals (D:3)
  4 kobolds
  3 quokkas
  11 ball pythons
  9 bats
  9 frilled lizards
  11 rats
151 creatures vanquished.

Vanquished Creatures (others)
  5 plants (D:2)
5 creatures vanquished.

Grand Total: 156 creatures vanquished

Notes
Turn   | Place    | Note
-------+----------+-------------------------------------------
     0 | D:1      | erker the Octopode Earth Elementalist began the quest for
                  | the Orb.
     0 | D:1      | Reached XP level 1. HP: 11/11 MP: 3/3
   381 | D:1      | Reached XP level 2. HP: 17/17 MP: 3/5
   384 | D:1      | Learned a level 2 spell: Passwall
   793 | D:2      | Noticed Jessica
  1163 | D:1      | Reached XP level 3. HP: 21/21 MP: 4/6
  1255 | D:1      | Learned a level 3 spell: Spider Form
  2124 | D:2      | Reached XP level 4. HP: 27/27 MP: 3/7
  2131 | D:2      | Reached skill level 1 in Poison Magic
  2346 | D:2      | Noticed Natasha
  2381 | D:2      | Killed Jessica
  2503 | D:2      | Reached XP level 5. HP: 31/31 MP: 7/9
  2538 | D:2      | Found a runed translucent door.
  2539 | D:2      | Noticed Crazy Yiuf
  2563 | D:2      | Killed Natasha
  3430 | D:3      | Noticed Robin
  3450 | D:3      | Killed Robin
  3472 | D:3      | Reached XP level 6. HP: 28/36 MP: 6/10
  3848 | D:3      | Found a faded altar of an unknown god.
  4018 | D:4      | Found a snail-covered altar of Cheibriados.
  4305 | D:4      | Got the Directory of Called Sculpting
  4454 | D:4      | Learned a level 4 spell: Petrify
  5061 | D:5      | Entered Level 5 of the Dungeon
  5158 | D:5      | Reached XP level 7. HP: 17/41 MP: 10/12
  5697 | D:5      | Reached skill level 5 in Earth Magic
  6197 | D:5      | Found an iron altar of Okawaru.
  6197 | D:5      | Found a glowing silver altar of Zin.
  6205 | D:5      | Found a shimmering altar of Xom.
  6207 | D:5      | Found a shadowy altar of Dithmenos.
  6209 | D:5      | Found a white marble altar of Elyvilon.
  6445 | D:5      | Reached skill level 5 in Transmutations
  6745 | D:5      | Reached XP level 8. HP: 40/46 MP: 11/14
  7312 | D:6      | Noticed a shadow
  7746 | D:6      | Mangled by a shadow

Illustrated notes

Levels and vault maps discovered:
D:1:      dpeg_arrival_oval, layout_basic, hex_intersection, minmay_nonomino_d4
D:2:      layout_rooms, minmay_shallow_snake_nest, uniq_jessica,
          uniq_crazy_yiuf_cottage, uniq_natasha
D:3:      layout_loops_ring, shapermc_ecumenical_altar_petra, kennysheep_nub,
          minmay_fractal_squares_diagonal_5, uniq_robin
D:4:      layout_loops_ring, cheibrodos_worm_habitat
D:5:      layout_basic, chequers_temple_overflow_minitemple
D:6:      layout_cave_pods, st_stairs_1

Skill      XL: |  1  2  3  4  5  6  7  8 |
---------------+-------------------------+-----
Stealth        | 3 4 |  4.0
Poison Magic   | 1 2 |  2.0
Transmutations | 2 3 5 6 |  6.0
Spellcasting   | 3 4 |  4.0
Earth Magic    | 4 5 6 |  6.6
Dodging        | |  2.0

Action                   |  1- 3 |  4- 6 |  7- 9 || total
-------------------------+-------+-------+-------++-------
Melee: Unarmed           |     5 |    59 |     4 ||    68
       Tentacles         |     3 |     4 |    12 ||    19
       Constrict         |     2 |     5 |     7 ||    14
       Dagger            |     4 |    13 |    40 ||    57
       Punch             |       |       |     1 ||     1
 Cast: Sandblast         |    45 |   103 |    43 ||   191
       Passwall          |     7 |     2 |     9 ||    18
       Spider Form       |     1 |     8 |     1 ||    10
       Petrify           |       |     5 |    24 ||    29
 Stab: Sleeping          |       |     2 |     4 ||     6
       Petrified         |       |     4 |    22 ||    26
Armor: Skin              |     1 |    11 |       ||    12
Dodge: Dodged            |    28 |    59 |    16 ||   103
